 Dungeon Crawl Stone Soup version 0.26.1-11-gd32895ea62 (webtiles) character file.

Game seed: 2807106635827569839

5688 ubername the Frost Mage (level 10, -9/68 HPs)
             Began as a Barachi Ice Elementalist on June 4, 2021.
             Was a Priest of Cheibriados.
             Mangled by a two-headed ogre
             ... wielding a +0 giant club
              (18 damage)
             ... on level 8 of the Dungeon on June 5, 2021.
             The game lasted 00:36:21 (11769 turns).

ubername the Frost Mage (Barachi Ice Elementalist) Turns: 11769, Time: 00:36:24

Health: -9/68      AC: 19    Str: 15    XL:     10   Next: 75%
Magic:  19/31      EV: 15    Int: 26    God:    Cheibriados [***...]
Gold:   386        SH:  0    Dex: 18    Spells: 15/26 levels left

rFire    . . .     SeeInvis .   u - +2 flail (protect)
rCold    . . .     Faith    .   (no shield)
rNeg     . . .     Spirit   .   a - +1 robe
rPois    .         Reflect  .   (no helmet)
rElec    .         Harm     .   n - +2 cloak
rCorr    .         Rampage  .   w - +0 pair of gloves
Will     .....                  B - +2 pair of boots
Stlth    +++.......             (no amulet)
HPRegen  0.21/turn              t - ring of magical power
MPRegen  0.22/turn              (no ring)

@: icy armour, frozen ramparts, very slow
A: +LOS, swims, slowness 1, strong legs 1
a: Hop, Renounce Religion, Bend Time, Temporal Distortion


You were on level 8 of the Dungeon.
You worshipped Cheibriados.
Cheibriados was most pleased with you.
You visited 2 branches of the dungeon, and saw 9 of its levels.

You collected 386 gold pieces.

Inventory:

Hand Weapons
 d - a +0 mace
 u - a +2 flail of protection (weapon)
 D - a +1 hunting sling of freezing
Missiles
 b - 143 sling bullets
 j - 258 stones
 E - a poisoned dart (quivered)
Armour
 a - a +1 robe (worn)
 n - a +2 cloak (worn)
 w - a +0 pair of gloves (worn)
 B - a +2 pair of boots (worn)
 J - a +2 pair of boots of running
Magical Staves
 H - an uncursed staff of death
 I - an uncursed staff of cold {unknown}
Jewellery
 t - a ring of magical power (left hand)
 G - an uncursed amulet of reflection
Wands
 f - a wand of acid (11)
 y - a wand of disintegration (17)
 A - a wand of iceblast (8)
Scrolls
 h - a scroll of amnesia
 k - 4 scrolls of teleportation
 l - 5 scrolls of identify
 p - 2 scrolls of enchant weapon
 q - 2 scrolls of acquirement {unknown}
 r - a scroll of magic mapping
 s - 3 scrolls of remove curse
 z - 3 scrolls of enchant armour
Potions
 e - a potion of ambrosia {unknown}
 g - 2 potions of berserk rage {unknown}
 m - a potion of degeneration {unknown}
 o - 3 potions of haste
 v - a potion of heal wounds {unknown}
 x - 3 potions of flight {unknown}
 C - 2 potions of brilliance
Miscellaneous
 F - a phantom mirror
 K - a lightning rod (4/4)


   Skills:
 + Level 2.7 Fighting
 + Level 5.2 Maces & Flails
 + Level 3.1 Throwing
 + Level 4.6 Dodging
 + Level 3.7 Stealth
 + Level 8.9 Spellcasting
 + Level 1.2 Summonings
 + Level 10.6 Ice Magic
 * Level 6.8 Evocations


You had 15 spell levels left.
You knew the following spells:

 Your Spells              Type           Power        Failure   Level
a - Freeze                Ice            100%         1%          1
b - Ozocubu's Armour      Ice            61%          1%          3
c - Frozen Ramparts       Ice            100%         1%          3
d - Summon Ice Beast      Ice/Summ       42%          4%          4

Your spell library contained the following spells:

 Spells                   Type           Power        Failure   Level
 Hailstorm                Conj/Ice       39%          6%          4
 Gell's Gravitas          Tloc           5%           16%         3
 Portal Projectile        Hex/Tloc       22%          16%         3
 Dispersal                Tloc           5%           100%        6
 Disjunction              Tloc           5%           100%        8


Dungeon Overview and Level Annotations

Branches:
Dungeon (8/15)             Temple (1/1) D:6
   Lair: D:8-11

Altars:
Ashenzari
Cheibriados
Dithmenos
Elyvilon
Fedhas
Gozag
Hepliaklqana
Kikubaaqudgha
Makhleb
Nemelex Xobeh
Qazlal
Ru
Sif Muna
Trog
Uskayaw
Wu Jian
Xom
Yredelemnul
Zin
The Shining One
Lugonu

Shops:
D:7 *

Annotations:
D:6 3 runed translucent doors, LordOGeese's ghost, novice GrFi
D:7 2 transporters
D:8 2 transporters, buriedalive's ghost, novice DEIE


Innate Abilities, Weirdness & Mutations

You can be seen from farther away. (+LOS)
You can swim through water.
You cover ground slowly.
You can hop short distances.


Message History

Casting: Freeze (safe; 1% risk of failure)
Confirm with . or Enter, or press ? or * to list all spells.
Aiming: Freeze (safe; 1% risk of failure)
Press: ? - help, Shift-Dir - straight line, f/p - two-headed ogre
Aim: a two-headed ogre, wielding a +0 giant club and a -3 giant club (heavily wounded)
You freeze the two-headed ogre.
The two-headed ogre is heavily wounded.
Unknown command.
Casting: Freeze (safe; 1% risk of failure)
Confirm with . or Enter, or press ? or * to list all spells.
A chill wind blows around you.
The wall freezes the two-headed ogre!
The two-headed ogre barely misses you. x2
Unknown command.
Casting: Summon Ice Beast (dangerous; 4% risk of failure)
Confirm with . or Enter, or press ? or * to list all spells.
A film of ice covers your body!
The wall freezes the two-headed ogre.
The two-headed ogre hits you with a +0 giant club!!
* * * LOW HITPOINT WARNING * * *
The two-headed ogre hits you with a cursed -3 giant club!!
You die...

..
#...#.).##.†....#....
.#.##....##..##..#.#..#
..#..#.....##.###...#
## .# ##.##...##.##
.### ##.#..##.## ...
##)....## .# #. ###.###
.# #. #.....# .# # .
#####..)#@#.##.... .#
.........).O....... .
.#####.#..Y#.##.... #
#.....#..# . . .##
###.### ..# .. .. ...
.##..# .. ...# ..##
..##.(... #.. #.. #.#..
##.# ### #.. #.#.......
#..


You could see a two-headed ogre and a friendly ice beast (summoned).

Vanquished Creatures
  Joseph (D:8)
  Maggie (D:8)
  A kobold demonologist (D:8)
  A troll (D:8)
  A hornet (D:8)
  A basilisk (D:8)
  A wyvern (D:8)
  Duvessa (D:6)
  3 orc warriors (D:8)
  2 hornet zombies
  3 ice beasts
  A sky beast (D:8)
  3 black bears
  A phantom (D:8)
  3 ogres
  A boggart (D:8)
  2 centaurs
  A gnoll sergeant (D:6)
  A wyvern zombie (D:7)
  4 bullfrogs
  Dowan (D:6)
  A killer bee (D:8)
  4 wights
  A bullfrog zombie (D:5)
  2 orc priests
  2 bullfrog skeletons
  7 hounds
  A centaur skeleton (D:5)
  2 jellies (D:6)
  2 orc wizards
  5 iguanas
  6 worker ants
  A hound zombie (D:7)
  2 hound skeletons
  18 adders
  5 gnolls (D:6)
  A howler monkey skeleton (D:8)
  5 white imps
  2 oozes
  3 worms
  4 dart slugs
  5 leopard geckos
  13 orcs
  12 giant cockroaches
  7 goblins
  10 hobgoblins
  14 jackals
  11 kobolds
  2 quokkas
  A ball python (D:4)
  9 bats
  3 frilled lizards
  A leopard gecko skeleton (D:8)
  A quokka skeleton (D:6)
  A quokka zombie (D:8)
  5 rats
203 creatures vanquished.

Vanquished Creatures (collateral kills)
  A black bear (D:8)
  A sky beast (D:8)
  An orc priest (D:8)
  A worker ant (D:8)
  An orc (D:8)
5 creatures vanquished.

Vanquished Creatures (others)
  An unseen horror (D:8)
  5 plants (D:8)
6 creatures vanquished.

Grand Total: 214 creatures vanquished

Notes
Turn   | Place    | Note
-------+----------+-------------------------------------------
     0 | D:1      | ubername the Barachi Ice Elementalist began the quest for
                  | the Orb.
     0 | D:1      | Reached XP level 1. HP: 13/13 MP: 3/3
   165 | D:1      | Reached skill level 5 in Ice Magic
   165 | D:1      | Reached XP level 2. HP: 17/19 MP: 0/5
   857 | D:1      | Reached XP level 3. HP: 16/24 MP: 1/6
  1020 | D:1      | Learned a level 3 spell: Ozocubu's Armour
  1024 | D:1      | Learned a level 3 spell: Frozen Ramparts
  1649 | D:2      | Reached XP level 4. HP: 30/30 MP: 1/8
  2729 | D:2      | Reached skill level 6 in Ice Magic
  2861 | D:2      | Reached XP level 5. HP: 35/35 MP: 5/10
  3561 | D:3      | Found an ornate altar of the Wu Jian Council.
  3887 | D:3      | Found an opulent altar of Gozag.
  3992 | D:3      | Found a broken altar of Ashenzari.
  4312 | D:4      | Reached skill level 1 in Throwing
  4325 | D:4      | Reached XP level 6. HP: 25/41 MP: 6/12
  4549 | D:4      | Noticed a phantom
  4558 | D:4      | Reached skill level 1 in Maces & Flails
  4888 | D:5      | Entered Level 5 of the Dungeon
  4910 | D:5      | Reached skill level 7 in Ice Magic
  4910 | D:5      | Reached XP level 7. HP: 27/47 MP: 10/14
  5135 | D:5      | Reached skill level 1 in Fighting
  5135 | D:5      | Reached skill level 5 in Spellcasting
  6351 | D:6      | Found a staircase to the Ecumenical Temple.
  6435 | Temple   | Entered the Ecumenical Temple
  7072 | D:6      | Found a runed translucent gate.
  7072 | D:6      | Found a runed translucent gate.
  7078 | D:6      | Reached XP level 8. HP: 54/54 MP: 10/16
  7111 | D:6      | Found a runed translucent gate.
  7112 | D:6      | Noticed LordOGeese's ghost (novice GrFi)
  7123 | D:6      | Found a bloodstained altar of Trog.
  7126 | D:6      | Noticed Duvessa
  7127 | D:6      | Noticed Dowan
  7132 | D:6      | Killed Dowan
  7135 | D:6      | Killed Duvessa
  7136 | D:6      | Reached skill level 1 in Evocations
  7550 | Temple   | Became a worshipper of Cheibriados the Contemplative
  7644 | D:6      | Reached skill level 8 in Ice Magic
  8213 | D:6      | Found a burning altar of Makhleb.
  8213 | D:6      | Noticed a blizzard demon
  8216 | D:6      | Noticed a smoke demon
  8216 | D:6      | Noticed an orange demon
  8381 | D:7      | Reached XP level 9. HP: 50/59 MP: 15/19
  8968 | D:7      | Found a transporter.
  8969 | D:7      | Found a corrupted altar of Lugonu.
  8969 | D:7      | Noticed a red ugly thing
  9000 | D:7      | Found a transporter.
  9000 | D:7      | Noticed a purple ugly thing
  9001 | D:7      | Noticed a green ugly thing
  9121 | D:7      | Found Gustrazot's General Store.
  9271 | D:7      | Reached * piety under Cheibriados
  9550 | D:7      | Learned a level 4 spell: Summon Ice Beast
  9730 | D:8      | Noticed Maggie
  9739 | D:8      | Killed Maggie
  9879 | D:8      | Noticed Joseph
  9892 | D:8      | Killed Joseph
  9893 | D:8      | Reached skill level 9 in Ice Magic
 10149 | D:8      | Identified the +7 long sword of Echiejy {antimagic, Dex+4}
 10149 | D:8      | Noticed a tengu warrior
 10150 | D:8      | Found a bloodstained altar of Trog.
 10150 | D:8      | Noticed buriedalive's ghost (novice DEIE)
 10150 | D:8      | Identified the +7 whip of Cuazeecw {vorpal, *Corrode +Blink
                  | rElec}
 10151 | D:8      | Noticed a two-headed ogre
 10190 | D:8      | Noticed a moth of wrath
 10208 | D:8      | Found a transporter.
 10210 | D:8      | Found a transporter.
 10309 | D:8      | Reached skill level 5 in Evocations
 10442 | D:8      | Found a basalt altar of Yredelemnul.
 10443 | D:8      | Found a white marble altar of Elyvilon.
 10444 | D:8      | Found a shimmering altar of Xom.
 10748 | D:8      | Reached skill level 10 in Ice Magic
 10748 | D:8      | Reached XP level 10. HP: 52/67 MP: 10/21
 10839 | D:8      | Killed an unseen horror
 10843 | D:8      | Reached ** piety under Cheibriados
 10853 | D:8      | Noticed a kobold demonologist
 10939 | D:8      | Reached skill level 5 in Maces & Flails
 10949 | D:8      | Killed a kobold demonologist
 10950 | D:8      | Reached skill level 1 in Summonings
 10973 | D:8      | Noticed a two-headed ogre
 11394 | D:8      | Reached *** piety under Cheibriados
 11769 | D:8      | Mangled by a two-headed ogre

Illustrated notes

Levels and vault maps discovered:
D:1:      kilobyte_arrival_exit_the_forest, layout_loops_ring
D:2:      layout_basic, nrook_mini_vaults, minmay_small_reverse_x
D:3:      layout_loops_ring, ashenzari_altar_1, old_standard_altar,
          nicolae_gozag_seed_capital
D:4:      gammafunk_wand_slinger, layout_basic, general_overflow_altar,
          lemuel_crystal_altar, portal_sewer_entry_d
D:5:      layout_rooms
D:6:      layout_loops_ring, makhleb_altar_promises_db,
          minmay_temple_entry_proselytizer, gammafunk_ghost_necromancy,
          minmay_ruined_shrine, uniq_duvessa
D:7:      gammafunk_corrupted_shrine, layout_gridville, serial_shops, shop
D:8:      minmay_the_grid_octo_tiled_octocenter
          [minmay_the_grid_octo_vomiting_pacman, minmay_the_grid_octo_horde,
          minmay_the_grid_octo_clover, minmay_the_grid_octo_teeth,
          minmay_the_grid_octo_prize_ultimate_mussel_roller,
          minmay_the_grid_square_5x5_hollow_slash,
          minmay_the_grid_square_5x5_two_walls_a,
          minmay_the_grid_square_5x5_fat_x, minmay_the_grid_square_5x5_c],
          layout_loops_ring, gammafunk_temple_overflow_forgotten,
          gammafunk_ghost_wrathful_warriors, minmay_misc_feat_more_columns,
          minmay_holes, uniq_maggie, uniq_joseph
Temple:   minmay_temple_curvy_branch

Skill      XL: |  1  2  3  4  5  6  7  8  9 10 |
---------------+-------------------------------+-----
Ice Magic      | 5 6 7 8 10 | 10.6
Stealth        | 2 3 |  3.7
Spellcasting   | 3 4 5 6 7 8 |  8.9
Throwing       | 1 2 3 |  3.1
Maces & Flails | 1 2 3 4 5 |  5.2
Fighting       | 1 2 |  2.7
Dodging        | 3 4 |  4.6
Evocations     | 2 5 6 |  6.8
Summonings     | 1 |  1.2

Action                   |  1- 3 |  4- 6 |  7- 9 | 10-12 || total
-------------------------+-------+-------+-------+-------++-------
Melee: Unarmed           |     1 |       |       |       ||     1
       Mace              |    22 |    62 |     4 |       ||    88
       Flail             |       |       |   198 |    45 ||   243
Throw: Dart              |     1 |    29 |    35 |     4 ||    69
       Stone             |       |       |     2 |     3 ||     5
 Cast: Freeze            |    36 |    22 |    21 |     5 ||    84
       Frozen Ramparts   |     4 |    37 |    50 |    16 ||   107
       Ozocubu's Armour  |       |     1 |    26 |     9 ||    36
       Summon Ice Beast  |       |       |     7 |     6 ||    13
 Abil: Hop               |       |       |     2 |     1 ||     3
  Use: Scroll            |     1 |     4 |     4 |     1 ||    10
       Potion            |       |       |    11 |     3 ||    14
 Stab: Sleeping          |       |       |     2 |       ||     2
       Distracted        |       |       |       |     1 ||     1
Armor: Robe              |    12 |    33 |   136 |    28 ||   209
Dodge: Dodged            |    30 |    80 |   207 |    51 ||   368
